 Dungeon Crawl Stone Soup version 0.27-a0-1140-g099f9bb0e8 (webtiles) character file.

Game seed: 11122880094206102446

2061 ZorkoN the Cleaver (level 9, -5/78 HPs)
             Began as a Yellow Draconian Fighter on May 7, 2021.
             Slain by a death knight
             ... wielding a +4 great mace
              (26 damage)
             ... on level 6 of the Dungeon on May 10, 2021.
             The game lasted 00:58:53 (7378 turns).

ZorkoN the Cleaver (Yellow Draconian Fighter)       Turns: 7378, Time: 00:58:54

Health: -5/78      AC:  7    Str: 21    XL:     9   Next: 5%
Magic:  9/9        EV: 13    Int:  9    God:
Gold:   194        SH:  0    Dex: 11    Spells: 8/8 levels left

rFire    . . .     SeeInvis +   a - +2 battleaxe (elec)
rCold    . . .     Faith    .   (shield currently unavailable)
rNeg     . . .     Spirit   .   (armour unavailable)
rPois    +         Reflect  .   (helmet restricted)
rElec    .         Harm     .   d - scarf {repulsion}
rCorr    +         Rampage  .   (no gloves)
Will     .....                  (no boots)
Stlth    ++........             (no amulet)
HPRegen  0.23/turn              s - ring of see invisible
MPRegen  0.11/turn              i - ring of poison resistance

@: repel missiles
A: spit acid, AC +7, unfitting armour, cold-blooded, acid resistance
a: Breathe Acid


You were on level 6 of the Dungeon.
You visited 1 branch of the dungeon, and saw 6 of its levels.

You collected 194 gold pieces.

Inventory:

Hand Weapons
 a - a +2 battleaxe of electrocution (weapon)
 r - a +0 whip of flaming
 v - a +0 dagger of venom
Missiles
 f - 4 throwing nets
 h - 42 poisoned darts (quivered)
 n - 6 curare-tipped darts
 u - 20 sling bullets
Armour
 b - a +0 kite shield
 d - a scarf of repulsion (worn)
 l - a +0 chain mail
 q - a +0 ring mail
 x - a +1 helmet
Jewellery
 g - a ring of protection from cold
 i - a ring of poison resistance (right hand)
 s - a ring of see invisible (left hand)
Wands
 o - a wand of digging (12)
 w - a wand of iceblast (9)
Potions
 c - 2 potions of might
 e - a potion of brilliance
 j - 2 potions of attraction
 k - a potion of resistance {unknown}
 m - 2 potions of flight {unknown}
 p - a potion of haste {unknown}
 t - a potion of mutation {unknown}


   Skills:
 + Level 6.6 Fighting
 + Level 2.6 Short Blades
 + Level 8.7 Axes
 + Level 5.1 Dodging
 + Level 2.1 Stealth
 + Level 3.5 Shields


You had 8 spell levels left.
You didn't know any spells.
Your spell library contained the following spells:

 Spells                   Type           Power      Damage    Failure   Level
 Magic Dart               Conj           0%         1d3       38%         1
 Searing Ray              Conj           0%         3d3       52%         2
 Dazzling Flash           Conj/Hex       0%         N/A       77%         3
 Fulminant Prism          Conj/Hex       0%         3d6       99%         4
 Iskenderun's Mystic Bla  Conj/Tloc      0%         2d3       99%         4


Dungeon Overview and Level Annotations

Branches:
Dungeon (6/15)
 Temple: D:4-7

Altars:
Fedhas
Gozag
Nemelex Xobeh
Yredelemnul

Shops:
D:6 *

Annotations:
D:6 Mandevil's ghost, novice OpBe


Innate Abilities, Weirdness & Mutations

You can spit globs of acid.
Your golden yellow scales are hard. (AC +7)
You cannot fit into any form of body armour.
You are cold-blooded and may be slowed by cold attacks.
You are resistant to acid. (rCorr)


Message History

Items here: )) = [ †.
s - a ring of see invisible The orc priest shouts!
Things that are here:
a +0 dagger; a +0 robe An orc priest is nearby!
The orc priest misses you.
You slash the orc priest!
Lightning courses through the orc priest!
You kill the orc priest!
w - a wand of iceblast (9);
m - 2 murky emerald potions (gained 1)
Things that are here:
a +0 trident; a +0 ring mail; an orc corpse You remove your ring of protection from cold.
s - a ring of see invisible (left hand)
You start resting.
HP restored.
Found a stone staircase leading down.
You see here a +1 helmet.
x - a +1 helmet You can't wear that with your reptilian head.
You can't wear that with your reptilian head.
You'd need three hands to do that!
Found 7 gold pieces.
The kobold brigand shouts!
The ogre shouts!
You hear a shout!
Found 29 gold pieces.
You open the gate.
The kobold brigand throws a poisoned dart.
The poisoned dart misses you.
The kobold brigand throws a poisoned dart.
The poisoned dart closely misses you.
You closely miss the death knight.
The death knight hits you with a +4 great mace!!!
You barely miss the death knight.
The death knight hits you with a +4 great mace!!
* * * LOW HITPOINT WARNING * * *
You slash the death knight!
Your tail-slap misses the death knight.
The death knight is lightly wounded.
The death knight hits you with a +4 great mace!!
You die...

##8...8 ##8## #########
######## #######.##.##.#
#.##$8.## .....##.##.##.#
#.#$.$$∩#
...#.##.##.##.####.'...$8#
...#.......##.##...W$_8.∩#
...#>...#..##<##.#OK$...8#
#######.#..##.##@#.#Z$...#
........#.###....p.##∩8.##
#.###.....###......(# ##
#.# #............####
#.###.#.##########
#.....#.# ........#
#########


You could see a death knight.

Vanquished Creatures
  Pikel (D:5)
  An ice beast (D:5)
  A hornet zombie (D:5)
  An orc warrior (D:5)
  A sky beast (D:6)
  A necrophage (D:4)
  A phantom (D:5)
  Blork the orc (D:5)
  A bullfrog (D:6)
  A gnoll sergeant (D:5)
  A water moccasin skeleton (D:5)
  3 hounds
  A jelly (D:6)
  3 orc priests
  2 centaur skeletons (D:5)
  4 iguanas
  6 orc wizards
  A hound skeleton (D:5)
  12 gnolls
  6 adders
  2 river rats (D:3)
  3 adder skeletons
  2 worms
  2 dart slugs
  24 orcs
  7 ball pythons
  6 bats
  6 endoplasms
  4 giant cockroaches
  8 goblins
  5 hobgoblins
  6 kobolds
  A quokka (D:4)
  A frilled lizard (D:2)
  9 rats
135 creatures vanquished.

Vanquished Creatures (others)
  9 fungi (D:6)
  4 plants (D:6)
13 creatures vanquished.

Grand Total: 148 creatures vanquished

Notes
Turn   | Place    | Note
-------+----------+-------------------------------------------
     0 | D:1      | ZorkoN the Draconian Fighter began the quest for the Orb.
     0 | D:1      | Reached XP level 1. HP: 19/19 MP: 1/1
   133 | D:1      | Reached XP level 2. HP: 22/26 MP: 2/2
   409 | D:1      | Found a faded altar of an unknown god.
   580 | D:1      | Identified a scroll of acquirement
   580 | D:1      | Acquired a +2 battleaxe of electrocution
   621 | D:2      | Reached XP level 3. HP: 33/33 MP: 3/3
   774 | D:2      | Found a blossoming altar of Fedhas.
   851 | D:2      | Upgraded the game from 0.27-a0-1139-g28e009f8a6 to
                  | 0.27-a0-1140-g099f9bb0e8
  2358 | D:3      | Acquired a scarf of repulsion
  2382 | D:3      | Reached XP level 4. HP: 40/40 MP: 4/4
  2387 | D:3      | Reached skill level 1 in Axes
  2507 | D:3      | Found a sparkling altar of Nemelex Xobeh.
  2583 | D:3      | Reached skill level 2 in Axes
  2601 | D:3      | Found a glowing drain.
  2772 | D:3      | Reached XP level 5. HP: 34/46 MP: 5/5
  3338 | D:3      | Reached skill level 3 in Axes
  3608 | D:4      | Noticed a necrophage
  3613 | D:4      | Killed a necrophage
  3614 | D:4      | Reached skill level 4 in Axes
  3614 | D:4      | Reached skill level 1 in Stealth
  3614 | D:4      | Reached XP level 6. HP: 41/52 MP: 6/6
  4233 | D:5      | Entered Level 5 of the Dungeon
  4524 | D:5      | Noticed an orc warrior
  4530 | D:5      | Killed an orc warrior
  4533 | D:5      | Reached skill level 5 in Axes
  4533 | D:5      | Your scales start taking on a golden yellow colour.
  4533 | D:5      | Reached XP level 7. HP: 39/60 MP: 7/7
  4533 | D:5      | Gained mutation: You are resistant to acid. (rCorr) [Yellow
                  | Draconian growth]
  5276 | D:5      | Noticed Blork the orc
  5287 | D:5      | Killed Blork the orc
  5309 | D:5      | Reached skill level 6 in Axes
  5610 | D:5      | Found a basalt altar of Yredelemnul.
  5618 | D:5      | Reached skill level 5 in Fighting
  5947 | D:5      | Reached XP level 8. HP: 51/68 MP: 8/8
  6293 | D:5      | Reached skill level 7 in Axes
  6335 | D:5      | Noticed Pikel
  6353 | D:5      | Killed Pikel
  6354 | D:5      | Reached skill level 8 in Axes
  6354 | D:5      | Reached skill level 5 in Dodging
  6709 | D:6      | Found a runed translucent gate.
  6709 | D:6      | Found an opulent altar of Gozag.
  6842 | D:6      | Found Ysucvet's Assorted Antiques.
  6896 | D:6      | Found a blossoming altar of Fedhas.
  7051 | D:6      | Reached XP level 9. HP: 26/78 MP: 9/9
  7370 | D:6      | Found a runed translucent gate.
  7370 | D:6      | Found a runed translucent gate.
  7370 | D:6      | Noticed Mandevil's ghost (novice OpBe)
  7370 | D:6      | Noticed a death knight
  7378 | D:6      | Slain by a death knight

Illustrated notes

Levels and vault maps discovered:
D:1:      lightli_arrival_statue_moat, layout_rooms,
          hellmonk_ecumenical_altar_prayer_group
D:2:      layout_basic, basic_altar, minmay_door_square
D:3:      layout_loops_corners, nicolae_overflow_crystal_walls,
          portal_sewer_entry_e, st_stairs_9
D:4:      layout_rooms, chequers_jeans, minmay_cut_off
D:5:      layout_basic, kennysheep_little_box, lightli_minifort,
          uniq_blork_the_orc, uniq_pikel
D:6:      layout_loops_ring, nicolae_overflow_hidden_temple, fedhas_altar_3,
          minmay_temple_entry_sparse_star, serial_shops,
          nicolae_shop_overgrown_old_shop, ebering_ghost_gozag

Skill      XL: |  1  2  3  4  5  6  7  8 |
---------------+-------------------------+-----
Dodging        | 3 4 5 |  5.1
Axes           | 2 4 5 6 8 |  8.7
Fighting       | 4 5 6 |  6.6
Stealth        | 1 2 |  2.1
Short Blades   | |  2.6
Shields        | |  3.5

Action                   |  1- 3 |  4- 6 |  7- 9 || total
-------------------------+-------+-------+-------++-------
Melee: Rapier            |    54 |       |       ||    54
       Tailslap          |     7 |    12 |    21 ||    40
       Battleaxe         |    52 |   128 |   140 ||   320
  Use: Scroll            |     7 |     1 |       ||     8
       Potion            |     3 |       |     2 ||     5
 Stab: Sleeping          |       |     1 |       ||     1
Armor: Skin              |    33 |    52 |    33 ||   118
Dodge: Dodged            |    59 |    96 |   116 ||   271
Block: Kite shield       |    25 |       |       ||    25

Table legend: (Time is in decaauts)
 A = Elapsed time spent in this place.
 B = Non-inter-level travel time spent in this place.
 C = Inter-level travel time spent in this place.
 D = Time resting spent in this place.
 E = Time spent auto-exploring this place.
 F = Levels seen in this place.
 G = Mean time per level.
                   A        B        C        D        E       F      G
               +--------+--------+--------+--------+--------+-----+--------+
         Total |   7555 |   3454 |   4101 |   2140 |     84 |   6 | 1259.2 |
       Dungeon |   7555 |   3454 |   4101 |   2140 |     84 |   6 | 1259.2 |
               +--------+--------+--------+--------+--------+-----+--------+

Top non-repeatable levels by time:
     D:5: 2518 daAuts
     D:2: 1641 daAuts
     D:3: 1426 daAuts
     D:6: 683 daAuts
     D:4: 654 daAuts
     D:1: 633 daAuts
